 Dungeon Crawl Stone Soup version 0.30.1-4-g462c640d31 (webtiles) character file.

Game seed: 10953281911591427420

53 wingedge the Digger (level 3, 0/28 HPs)
             Began as a Demigod Earth Elementalist on Sept 18, 2023.
             Slain by Terence
             ... wielding a +0 hand axe
              (8 damage)
             ... on level 3 of the Dungeon.
             The game lasted 00:04:55 (2164 turns).

wingedge the Digger (Demigod Earth Elementalist)    Turns: 2164, Time: 00:04:56

Health: 0/28       AC:  2    Str:  9    XL:     3   Next: 42%
Magic:  2/8        EV: 12    Int: 21    God:
Gold:   84         SH:  0    Dex: 14    Spells: 2/6 levels left

rFire   . . .        a - +0 mace
rCold   . . .        (no shield)
rNeg    . . .        i - +0 robe
rPois   .            (no helmet)
rElec   .            (no cloak)
rCorr   .            (no gloves)
SInv    .            (no boots)
Will    .....        (no amulet)
Stlth   ++           (no ring)
HPRegen 0.24/turn    (no ring)
MPRegen 0.11/turn

%: no passive effects
@: mighty
A: high MP 1, forlorn, divine attributes
a: no special abilities


You were on level 3 of the Dungeon.
You visited 1 branch of the dungeon, and saw 3 of its levels.

You collected 134 gold pieces.
You spent 50 gold pieces at shops.

Inventory:

Hand Weapons
 a - a +0 mace (weapon)
 b - a +0 dagger
Armour
 i - a +0 robe (worn)
Scrolls
 c - a scroll of magic mapping
 e - a scroll of brand weapon
 g - a scroll of immolation
 h - a scroll of enchant armour
 j - a scroll of amnesia
 k - 3 scrolls of poison
Potions
 d - a potion of magic
 f - 3 potions of curing
 m - a potion of degeneration {unknown}


   Skills:
 + Level 1.2 Fighting
 - Level 2.0 Dodging
 - Level 2.0 Stealth
 + Level 2.1 Spellcasting
 + Level 1.1 Conjurations
 - Level 0.8 Transmutations
 + Level 3.1 Earth Magic


You had 2 spell levels left.
You knew the following spells:

 Your Spells              Type           Power      Damage    Failure   Level
a - Sandblast             Erth           30%        2d9       4%          1
b - Stone Arrow           Conj/Erth      22%        3d8       19%         3

Your spell library contained the following spells:

 Spells                   Type           Power      Damage    Failure   Level
 Passwall                 Tmut/Erth      8%         N/A       10%         2
 Ensorcelled Hibernation  Hex/Ice        4%         N/A       22%         2
 Gell's Gravitas          Tloc           2%         N/A       41%         3
 Swiftness                Air            2%         N/A       41%         3
 Teleport Other           Tloc           2%         N/A       41%         3
 Petrify                  Tmut/Erth      10%        N/A       54%         4
 Dispersal                Tloc           1%         N/A       100%        6


Dungeon Overview and Level Annotations

Branches:
Dungeon (3/15)

Shops:
D:2 *

Annotations:
D:3 Terence


Innate Abilities, Weirdness & Mutations

You have an increased reservoir of magic. (+10% MP)
You shall have no god before yourself.
Your divine heritage dramatically boosts your attributes as you level up.


Message History

You aren't carrying any items that you can evoke.
Unknown command.
Casting: Stone Arrow (quite dangerous; 19% risk of failure)
Confirm with . or Enter, or press ? or * to list all spells.
The spell is quite dangerous to miscast (19% risk of failure)!
Continue anyway?
Aiming: Stone Arrow (quite dangerous; 19% risk of failure)
Press: ? - help, Shift-Dir - straight line, f/p - Terence
Aim: Terence, wielding a +0 hand axe and wearing a +0 scale mail (72% to hit)
The stone arrow hits Terence!
Terence is severely wounded.
Your magical contamination has completely faded away.
Press: ? - help, v - describe, . - travel
Here: Terence, wielding a +0 hand axe and wearing a +0 scale mail (severely wounded)
The floor.
Terence screams, "I want your blood!"
Casting: Stone Arrow (quite dangerous; 19% risk of failure)
Confirm with . or Enter, or press ? or * to list all spells.
Aiming: Sandblast (safe; 4% risk of failure)
Press: ? - help, Shift-Dir - straight line, f/p - Terence
Aim: Terence, wielding a +0 hand axe and wearing a +0 scale mail (severely wounded, 84% to hit)
Okay, then.
You feel very mighty all of a sudden.
Terence asks, "Do you want it fast or slow?"
You hit Terence.
Terence is almost dead.
Terence hits you with a +0 hand axe.
You closely miss Terence.
Terence is almost dead.
Terence hits you with a +0 hand axe!
You barely miss Terence.
Terence is almost dead.
Terence closely misses you. Terence hits you with a +0 hand axe.
You completely miss Terence.
Terence is almost dead.
Terence hits you with a +0 hand axe.
* * * LOW HITPOINT WARNING * * *
You barely miss Terence.
Terence is almost dead.
Terence closely misses you. Terence hits you with a +0 hand axe!
You die...

... #.# # #.#
###+# #.# ##...#
#.# ......# ##.#
.......# ##..###
.......####.....#
.......'......@@#
.......####...#.#
......# ##.##.#
$....# ####.#
#...# #.# ##+#
##### #.#
#.###...## #.#
#.##.###.#####.#
###.##.#
#.......#


You could see Terence.

Vanquished Creatures
  A gnoll (D:1)
  A worm (D:2)
  A dart slug (D:3)
  3 ball pythons (D:1)
  5 endoplasms
  A giant cockroach (D:1)
  3 hobgoblins
  4 kobolds
  2 quokkas
  5 bats
  5 frilled lizards
  6 goblins (D:1)
  A rat (D:1)
38 creatures vanquished.

Notes
Turn   | Place    | Note
-------+----------+-------------------------------------------
     0 | D:1      | wingedge the Demigod Earth Elementalist began the quest for
                  | the Orb.
     0 | D:1      | Reached XP level 1. HP: 14/14 MP: 5/5
   303 | D:1      | Reached XP level 2. HP: 22/22 MP: 5/7
   537 | D:1      | Reached skill level 3 in Earth Magic
   777 | D:1      | Reached skill level 1 in Fighting
  1056 | D:1      | Reached XP level 3. HP: 28/28 MP: 6/8
  1060 | D:1      | Learned a level 3 spell: Stone Arrow
  1111 | D:2      | Found Fiangueq's General Store.
  1114 | D:2      | Bought a potion of curing for 30 gold pieces
  1114 | D:2      | Bought a scroll of identify for 20 gold pieces
  1354 | D:2      | Reached skill level 1 in Conjurations
  2134 | D:3      | Noticed Terence
  2164 | D:3      | Slain by Terence

Illustrated notes

Levels and vault maps discovered:
D:1:      dpeg_arrival_shrine, layout_loops_cross
D:2:      layout_basic, serial_shops, shop_fountains
D:3:      layout_loops_corners, mainiacjoe_overflow_cross_hatched,
          nicolae_ecumenical_pavilion, serial_shops, nicolae_shop_stone,
          minmay_ruptured, uniq_terence

Skill      XL: |  1  2  3 |
---------------+----------+-----
Stealth        | 2 |  2.0
Dodging        | 2 |  2.0
Spellcasting   | 2 |  2.1
Earth Magic    | 3 |  3.1
Fighting       | 1 |  1.2
Conjurations   | 1 |  1.1
Transmutations | |  0.8

Action                     || total
---------------------------++-------
  Melee: Dagger            ||     5
         Mace              ||     5
   Cast: Sandblast         ||    54
         Stone Arrow       ||     2
    Use: Scroll            ||     8
         Potion            ||     1
  Dodge: Dodged            ||    14
